 Dungeon Crawl Stone Soup version 0.25-a0-576-g50b708a4c4 (webtiles) character file.

Game seed: 11640872157102938756, levelgen mode: deterministic

7690 Flugslaktarn the Cleaver (level 11, 45/100 HPs)
             Began as a Deep Dwarf Fighter on Mar 1, 2020.
             Quit the game on level 9 of the Dungeon.
             The game lasted 00:03:48 (5154 turns).

Flugslaktarn the Cleaver (Deep Dwarf Fighter)       Turns: 5154, Time: 00:03:48

Health: 45/100     AC: 14    Str: 24    XL:     11   Next: 0%
Magic:  1/1        EV:  7    Int:  8    God:
Gold:   466        SH: 12    Dex: 12    Spells: 10/10 levels left

rFire    . . .     SeeInvis .   a - +0 war axe
rCold    . . .     Gourm    .   c - +0 kite shield
rNeg     . . .     Faith    .   r - +0 chain mail
rPois    .         Spirit   .   (no helmet)
rElec    .         Reflect  .   x - +0 cloak
rCorr    .         Harm     .   v - +0 pair of gloves
MR       +....                  (no boots)
Stlth    ..........             (no amulet)
HPRegen  0.00/turn              (no ring)
MPRegen  0.07/turn              (no ring)

@: non-regenerating
A: damage resistance, heal wounds, sense surroundings 2, no regeneration
a: Heal Wounds


You were on level 9 of the Dungeon.
You were hungry.

You visited 2 branches of the dungeon, and saw 10 of its levels.

You collected 466 gold pieces.

Inventory:

Hand Weapons
 a - a +0 war axe (weapon)
Missiles
 q - 5 throwing nets (quivered)
Armour
 b - a +0 scale mail
 c - a +0 kite shield (worn)
 r - a +0 chain mail (worn)
   (You found it on level 5 of the Dungeon)
 v - a +0 pair of gloves (worn)
   (You found it on level 5 of the Dungeon)
 x - a +0 cloak (worn)
   (You found it on level 6 of the Dungeon)
 B - a +1 hat
   (You took it off Gastronok on level 9 of the Dungeon)
Jewellery
 C - a cursed ring of teleportation {unknown}
   (You found it on level 8 of the Dungeon)
 D - an uncursed amulet of guardian spirit {unknown}
   (You found it on level 8 of the Dungeon)
Wands
 E - a wand of scattershot (5)
   (You found it on level 9 of the Dungeon)
Scrolls
 g - 3 scrolls of teleportation {unknown}
 h - a scroll of noise {unknown}
 i - 2 scrolls of enchant armour {unknown}
 j - a scroll of blinking {unknown}
 k - 6 scrolls of identify {unknown}
 m - 2 scrolls of magic mapping {unknown}
 o - a scroll of fear {unknown}
 s - a scroll of fog {unknown}
 t - a scroll of remove curse {unknown}
 y - 2 scrolls of random uselessness {unknown}
Potions
 d - 2 potions of might
 l - 4 potions of curing {unknown}
 n - a potion of stabbing {unknown}
 p - 3 potions of degeneration {unknown}
 u - a potion of lignification {unknown}
 w - a potion of cancellation {unknown}
 z - 2 potions of mutation {unknown}
 A - a potion of heal wounds {unknown}
 F - a potion of berserk rage {unknown}
 G - a potion of resistance {unknown}
Comestibles
 e - 3 rations


   Skills:
 + Level 7.5 Fighting
 * Level 11.7 Axes
 + Level 9.0 Armour
 + Level 9.0 Shields


You had 10 spell levels left.
You didn't know any spells.
Your spell library was empty.

Dungeon Overview and Level Annotations

Branches:
Dungeon (9/15)             Temple (1/1) D:7             Orc (0/2) D:9
   Lair: D:8-11

Altars:
Ashenzari
Cheibriados
Dithmenos
Elyvilon
Fedhas
Gozag
Hepliaklqana
Kikubaaqudgha
Nemelex Xobeh
Okawaru
Qazlal
Ru
Sif Muna
Trog
Uskayaw
Vehumet
Wu Jian
Yredelemnul
Zin
The Shining One

Shops:
D:7 :   D:9 [


Innate Abilities, Weirdness & Mutations

You are resistant to damage.
You can heal yourself by infusing magical energy.
You passively map the area around you.
You do not regenerate.


Message History

Some of the chunks of flesh in your inventory have rotted away.
You now have 466 gold pieces (gained 10).
All of the chunks of flesh in your inventory have rotted away.
Found a robe.
You are too injured to fight recklessly!
You are too injured to fight recklessly!
You are too injured to fight recklessly!
You are too injured to fight recklessly!
You are too injured to fight recklessly!
You are too injured to fight recklessly!
You are feeling hungry.
You open the large door.
Found a blossoming altar of Fedhas and a shattered altar of Ashenzari.
Done exploring.
Done exploring.
You feel much better.
There is a large open door here.
Done exploring.
Done exploring.
Are you sure you want to abandon this character and quit the game? (Confirm with "yes".)

#..........##.# #.##
#.....)....##.# #.##
#.[.)<.....##.######.##
#....................##
#....##................
#.#####################
#..##⌠⌠# ##.##__##
#.##.@8# #.##''##
#.##..# #.#...# #...###
#####


There were no monsters in sight!

Vanquished Creatures
  Gastronok (D:9)
  Maurice (D:9)
  Psyche (D:8)
  2 hornets (D:8)
  2 hippogriffs
  A hungry ghost (D:6)
  A water moccasin (D:6)
  4 ice beasts
  5 orc warriors
  A black bear (D:9)
  A phantom (D:4)
  4 sky beasts
  3 centaurs
  3 ogres
  2 crocodiles
  5 bullfrogs
  2 big kobolds (D:8)
  3 scorpions
  4 killer bees (D:8)
  5 wights (D:9)
  2 howler monkeys
  A centaur zombie (D:5)
  3 crimson imps
  7 hounds
  A jelly (D:8)
  A quasit (D:3)
  2 bullfrog zombies
  A centaur skeleton (D:9)
  5 orc priests
  8 orc wizards
  A bullfrog skeleton (D:6)
  Ijyb (D:4)
  An iguana (D:4)
  8 worker ants
  2 hound skeletons (D:6)
  5 gnolls
  3 adders
  3 shadow imps
  2 adder skeletons
  An adder zombie (D:6)
  2 worms (D:2)
  5 leopard geckos
  41 orcs
  A giant cockroach (D:4)
  A goblin (D:3)
  3 hobgoblins
  11 jackals (D:4)
  5 quokkas
  2 frilled lizards
  14 kobolds
  A quokka skeleton (D:7)
  2 rats
197 creatures vanquished.

Vanquished Creatures (others)
  An orc wizard (D:9)
1 creature vanquished.

Grand Total: 198 creatures vanquished

Notes
Turn   | Place    | Note
-------+----------+-------------------------------------------
     0 | D:1      | Flugslaktarn the Deep Dwarf Fighter began the quest for the
                  | Orb.
     0 | D:1      | Reached XP level 1. HP: 20/20 MP: 1/1
    60 | D:2      | Reached XP level 2. HP: 18/27 MP: 2/2
   215 | D:3      | Reached skill level 3 in Axes
   215 | D:3      | Reached XP level 3. HP: 27/34 MP: 2/2
   249 | D:4      | Reached XP level 4. HP: 24/42 MP: 3/3
   293 | D:4      | Reached skill level 4 in Axes
   293 | D:4      | Reached XP level 5. HP: 18/49 MP: 4/4
   308 | D:4      | Noticed Ijyb
   331 | D:4      | Killed Ijyb
   671 | D:4      | Noticed a phantom
   735 | D:4      | Killed a phantom
   735 | D:4      | Reached XP level 6. HP: 30/57 MP: 5/5
   896 | D:4      | Reached skill level 5 in Axes
  1360 | D:5      | Entered Level 5 of the Dungeon
  1387 | D:5      | Reached XP level 7. HP: 61/64 MP: 6/6
  1424 | D:5      | Found a snail-covered altar of Cheibriados.
  1481 | D:5      | Reached skill level 5 in Armour
  1481 | D:5      | Reached skill level 5 in Shields
  1566 | D:5      | Reached skill level 6 in Axes
  1777 | D:5      | Found an opulent altar of Gozag.
  1857 | D:5      | Found a glowing golden altar of the Shining One.
  1939 | D:6      | Reached XP level 8. HP: 23/73 MP: 7/7
  1966 | D:6      | Found an iron altar of Okawaru.
  1995 | D:6      | Reached skill level 7 in Axes
  2089 | D:6      | Reached skill level 5 in Fighting
  2351 | D:6      | Reached skill level 8 in Axes
  2648 | D:6      | Gained mutation: You passively map the area around you.
                  | [Deep Dwarf growth]
  2648 | D:6      | Reached XP level 9. HP: 62/81 MP: 6/6
  2792 | D:7      | Found a sacrificial altar of Ru.
  2961 | D:7      | Found a sacrificial altar of Ru.
  2974 | D:7      | Found Kidghuv's Book Shop.
  2988 | D:7      | Reached skill level 9 in Axes
  3502 | D:7      | Found a staircase to the Ecumenical Temple.
  3511 | Temple   | Entered the Ecumenical Temple
  3815 | D:8      | Reached skill level 10 in Axes
  3820 | D:8      | Found a hide-covered altar of Uskayaw.
  3820 | D:8      | Noticed a +0 hand axe
  3821 | D:8      | Noticed a +0 hand axe
  3926 | D:8      | Reached XP level 10. HP: 77/92 MP: 6/6
  4035 | D:8      | Noticed Psyche
  4051 | D:8      | Paralysed by a hornet for 3 turns
  4120 | D:8      | Killed Psyche
  4565 | D:9      | Noticed Maurice
  4660 | D:9      | Killed Maurice
  4660 | D:9      | Reached skill level 11 in Axes
  4747 | D:9      | Found a staircase to the Orcish Mines.
  4763 | D:9      | Found Huidgheci's Armour Shoppe.
  4789 | D:9      | Noticed Gastronok
  4823 | D:9      | Killed Gastronok
  4847 | D:9      | Reached XP level 11. HP: 22/100 MP: 1/1
  5150 | D:9      | Found a blossoming altar of Fedhas.
  5150 | D:9      | Found a shattered altar of Ashenzari.
  5154 | D:9      | Quit the game

Levels and vault maps discovered:
D:1:      nzn_arrival_water_spiral, layout_basic
D:2:      layout_loops_ring, chequers_temple_overflow_statue_of_worship
D:3:      layout_basic
D:4:      layout_layer_cave, uniq_ijyb
D:5:      layout_rooms, marbit_many_paths, tso_oasis_becter, kennysheep_mini,
          first_ration, cheibrodos_gnoll_hut
D:6:      layout_cave_pods, overflow_temple_1_default
D:7:      layout_loops_ring, nicolae_ru_path_of_blood,
          minmay_temple_entry_poolview, basic_altar, serial_shops, shop
D:8:      layout_rooms, dancing_weapons_uskayaw, uniq_psyche
D:9:      layout_long_grid, gammafunk_temple_overflow_wave, orc_david_3,
          uniq_maurice, uniq_gastronok
Temple:   nicolae_temple_x_marks_the_god

Skill      XL: |  1  2  3  4  5  6  7  8  9 10 |
---------------+-------------------------------+-----
Fighting       | 3 4 5 6 7 |  7.5
Axes           | 3 4 5 6 8 10 11 | 11.7
Armour         | 4 5 6 7 9 |  9.0
Shields        | 4 5 6 7 9 |  9.0

Action                   |  1- 3 |  4- 6 |  7- 9 | 10-12 || total
-------------------------+-------+-------+-------+-------++-------
Melee: War axe           |    51 |   130 |   511 |   186 ||   878
       Unarmed           |       |       |       |     3 ||     3
 Abil: Heal Wounds       |     2 |     3 |    14 |    18 ||    37
Evoke: Wand              |       |       |       |     3 ||     3
  Eat: Chunk             |       |     2 |    11 |     3 ||    16
       Ration            |       |       |     1 |       ||     1
Armor: Scale mail        |    45 |    52 |    17 |       ||   114
       Skin              |       |     6 |       |       ||     6
       Chain mail        |       |       |   276 |   109 ||   385
Dodge: Dodged            |    21 |    44 |    91 |    56 ||   212
Block: Kite shield       |    39 |    76 |   249 |   122 ||   486

Table legend:
 A = Non-vault XP
 B = Vault XP
 C = Vault XP percentage of total XP
 D = Non-vault monster count
 E = Vault monster count
 F = Vault count percentage of total count
                 A         B        C        D         E       F
            +---------+---------+-------+---------+---------+-------
      Total |    7473 |    3513 |  32.0 |     184 |      14 |   7.1
            +---------+---------+-------+---------+---------+-------
        D:1 |       1 |       0 |   0.0 |       1 |       0 |   0.0
        D:2 |      11 |       0 |   0.0 |       3 |       0 |   0.0
        D:3 |      63 |       0 |   0.0 |      10 |       0 |   0.0
        D:4 |     503 |      36 |   6.7 |      25 |       1 |   3.8
        D:5 |     594 |     141 |  19.2 |      17 |       4 |  19.0
        D:6 |    1564 |       0 |   0.0 |      31 |       0 |   0.0
        D:7 |    1143 |       0 |   0.0 |      22 |       0 |   0.0
        D:8 |    2075 |     439 |  17.5 |      40 |       1 |   2.4
        D:9 |    1519 |    2897 |  65.6 |      35 |       8 |  18.6
            +---------+---------+-------+---------+---------+-------
